 Dungeon Crawl Stone Soup version 0.28-a0-1199-gef9e1dbd39 (webtiles) character file.

Game seed: 5208477221602967601

393759 bearlyready the Warrior (level 22, 0/193 (205) HPs)
             Began as a Minotaur Delver on Dec 19, 2021.
             Was the Champion of Ru.
             Slain by a vault warden (6 damage)
             ... on level 5 of the Vaults.
             The game lasted 01:56:18 (70177 turns).

bearlyready the Warrior (Minotaur Delver)          Turns: 70177, Time: 01:56:18

HP:   0/193 (205)   AC: 22    Str: 22    XL:     22   Next: 14%
MP:   15/21         EV: 18    Int:  7    God:    Ru [******]
Gold: 3968          SH: 19    Dex: 16    Spells: 21/21 levels left

rFire   + . .      SeeInvis .   a - +5 demon blade (venom)
rCold   + . .      Faith    .   V - +0 kite shield
rNeg    . . .      Spirit   .   s - +0 swamp dragon scales
rPois   +          Reflect  +   P - +0 hat
rElec   .          Harm     .   x - +1 cloak of Boinoeg {rF+ Will+}
rCorr   +          Rampage  .   F - +2 pair of gloves "Zotit" {rCorr}
Will    ++...                   i - +2 pair of boots
Stlth   ++........              o - amulet of reflection
HPRegen 0.42/turn               n - +4 ring of slaying
MPRegen 0.17/turn               E - ring of protection from cold

@: exhausted, studying 2 skills, drained, unable to read
A: horns 2, inability to read while threatened, no poison magic, no summoning
magic, no transmutations magic, unskilled 3, retaliatory headbutt, weak 1
}: 2/15 runes: decaying, serpentine
a: Renounce Religion, Draw Out Power, Power Leap, Apocalypse


You were on level 5 of the Vaults.
You worshipped Ru.
Ru was exalted by your worship.
You visited 8 branches of the dungeon, and saw 42 of its levels.
You visited the Abyss 1 time.
You also visited: Ice Cave.

You collected 5585 gold pieces.
You spent 1617 gold pieces at shops.

Inventory:

Hand Weapons
 a - a +5 demon blade of venom (weapon)
 b - the +9 hand crossbow of Mastery {vorpal, rF+ Dex+2}
   (You found it on level 2 of the Elven Halls)

   Any ammunition fired from it inflicts extra damage upon your enemies.
   Dex:       It affects your dexterity (+2).
   rF:        It protects you from fire.
Missiles
 h - 15 curare-tipped darts (quivered)
 p - 156 poisoned darts
 Q - 778 bolts
Armour
 i - a +2 pair of boots (worn)
 s - +0 swamp dragon scales (worn)
 x - the +1 cloak of Boinoeg (worn) {rF+ Will+}
   (You found it on level 3 of the Vaults)

   rF:        It protects you from fire.
   Will:      It increases your willpower.
 F - the +2 pair of gloves "Zotit" (worn) {rCorr}
   (You found it on level 6 of the Lair of Beasts)

   rCorr:     It protects you from acid and corrosion.
 G - a +0 tower shield
 P - a +0 hat (worn)
 V - a +0 kite shield (worn)
Jewellery
 n - a +4 ring of slaying (left hand)
 o - an amulet of reflection (around neck)
 E - a ring of protection from cold (right hand)
 U - a ring of protection from fire
Wands
 g - a wand of digging (9)
 j - a wand of mindburst (10)
 C - a wand of flame (84)
 K - a wand of charming (16)
 M - a wand of polymorph (30)
 X - a wand of paralysis (23)
 Y - a wand of acid (2)
Scrolls
 c - 16 scrolls of fog
 d - 6 scrolls of magic mapping
 e - 10 scrolls of fear
 k - 10 scrolls of teleportation
 l - 17 scrolls of enchant weapon
 q - 10 scrolls of enchant armour
 r - 2 scrolls of brand weapon
 w - 4 scrolls of summoning
 O - a scroll of holy word
 Z - 4 scrolls of blinking
Potions
 f - 8 potions of haste
 m - 3 potions of invisibility
 t - 26 potions of curing
 u - 4 potions of brilliance
 v - 5 potions of magic
 y - a potion of ambrosia
 z - 2 potions of berserk rage
 A - 7 potions of might
 B - 5 potions of cancellation
 L - 6 potions of attraction
 N - 4 potions of heal wounds
 S - 5 potions of resistance
 T - 2 potions of lignification
 W - a potion of mutation
Miscellaneous
 D - a box of beasts
 H - a phantom mirror
 I - a tin of tremorstones (1/2)
 J - a lightning rod (4/4)
 R - a condenser vane


   Skills:
 - Level 19.0 Fighting
 - Level 18.0 Long Blades
 + Level 12.9 Crossbows
 - Level 3.2 Throwing
 - Level 16.1 Armour
 + Level 13.7 Dodging
 - Level 3.1 Stealth
 + Level 16.4 Shields
 - Level 4.0 Evocations


You had 21 spell levels left.
You didn't know any spells.
Your spell library contained the following spells:

 Spells                   Type           Power      Damage    Failure   Level
 Animate Skeleton         Necr           0%         N/A       54%         1
 Apportation              Tloc           0%         N/A       54%         1
 Freeze                   Ice            0%         1d3       54%         1
 Magic Dart               Conj           0%         1d3       54%         1
 Sandblast                Erth           0%         2d4       54%         1
 Shock                    Conj/Air       0%         1d3       54%         1
 Blink                    Tloc           0%         N/A       67%         2
 Corpse Rot               Necr/Air       0%         N/A       67%         2
 Ensorcelled Hibernation  Hex/Ice        0%         N/A       67%         2
 Frozen Ramparts          Ice            0%         1d2       88%         3
 Lesser Beckoning         Tloc           0%         N/A       88%         3
 Ozocubu's Armour         Ice            0%         N/A       88%         3
 Stone Arrow              Conj/Erth      0%         3d7       88%         3
 Swiftness                Air            0%         N/A       88%         3
 Tukima's Dance           Hex            0%         N/A       88%         3
 Vampiric Draining        Necr           0%         2d6       88%         3
 Airstrike                Air            0%         N/A       99%         4
 Dispel Undead            Necr           0%         3d6       99%         4
 Fulminant Prism          Conj/Hex       0%         3d6       99%         4
 Hailstorm                Conj/Ice       0%         3d3       99%         4
 Leda's Liquefaction      Hex/Erth       0%         N/A       99%         4
 Passage of Golubria      Tloc           0%         N/A       99%         4
 Lee's Rapid Deconstruct  Erth           0%         3d5*      100%        5
 Manifold Assault         Tloc           0%         N/A       100%        5
 Metabolic Englaciation   Hex/Ice        0%         N/A       100%        5
 Death Channel            Necr           0%         N/A       100%        6
 Simulacrum               Ice/Necr       0%         N/A       100%        6
 Borgnjor's Revivificati  Necr           0%         N/A       100%        8
 Discord                  Hex            0%         N/A       100%        8
 Lehudib's Crystal Spear  Conj/Erth      0%         10d2      100%        8
 Maxwell's Capacitive Co  Air            0%         ∞         100%        8
 Death's Door             Necr           0%         N/A       100%        9
 Sting                    Tmut/Pois      Unusable   1d3       N/A         1
 Summon Small Mammal      Summ           Unusable   N/A       N/A         1
 Call Imp                 Summ           Unusable   N/A       N/A         2
 Passwall                 Tmut/Erth      Unusable   N/A       N/A         2
 Poisonous Vapours        Pois/Air       Unusable   N/A       N/A         2
 Mephitic Cloud           Conj/Pois/Air  Unusable   N/A       N/A         3
 Animate Armour           Summ/Erth      Unusable   N/A       N/A         4
 Olgreb's Toxic Radiance  Pois           Unusable   N/A       N/A         4
 Petrify                  Tmut/Erth      Unusable   N/A       N/A         4
 Summon Lightning Spire   Summ/Air       Unusable   N/A       N/A         4
 Alistair's Intoxication  Tmut/Pois      Unusable   N/A       N/A         5
 Blade Hands              Tmut           Unusable   N/A       N/A         5
 Yara's Violent Unravell  Hex/Tmut       Unusable   3d3       N/A         5
 Statue Form              Tmut/Erth      Unusable   N/A       N/A         6
 Haunt                    Necr/Summ      Unusable   N/A       N/A         7
 Storm Form               Tmut/Air       Unusable   N/A       N/A         7
 Necromutation            Tmut/Necr      Unusable   N/A       N/A         8

Dungeon Overview and Level Annotations

Branches:
Dungeon (15/15)            Temple (0/1) D:7            Lair (6/6) D:8
  Swamp (4/4) Lair:4        Snake (4/4) Lair:2        Slime (0/5) Lair:6
    Orc (2/2) D:11            Elf (3/3) Orc:2        Vaults (5/5) D:14
  Crypt (3/3) Vaults:3       Tomb (0/3) Crypt:3       IceCv (visited)
 Depths: D:15

Altars:
Elyvilon
Kikubaaqudgha
Qazlal
Ru
Vehumet
Xom
Yredelemnul
Zin
The Shining One
Beogh

Shops:
D:1 !   D:6 *   D:14 *(**   Orc:1 :!   Orc:2 **([   Elf:1 *   Elf:3 *
Vaults:1 ?=   Vaults:2 !

Portals:
Trove: Vaults:3 (show slimy rune of Zot)

Annotations:
Swamp:1 2 transporters, Qunad's ghost, adept SpEn


Innate Abilities, Weirdness & Mutations

You have a pair of horns on your head.
You sometimes lose the ability to read scrolls when taking damage.
You cannot study or cast Poison magic.
You cannot study or cast Summoning magic.
You cannot study or cast Transmutations magic.
You are extremely unskilled. (-3 Apt)
You reflexively headbutt those who attack you in melee.
You are weak. (Str -2)


Message History

The vault warden closely misses you. You furiously retaliate!
You headbutt the vault warden!
The vault warden hits your deep troll with a +4 battleaxe of freezing.
The vault warden freezes your deep troll.
The fire giant misses your deep troll.
The ironbound preserver casts a spell.
The ironbound preserver is healed somewhat.
You slice the vault warden!!
The vault warden looks as sick as possible!
You headbutt the vault warden!
The vault warden is severely wounded.
You redirect something's attack!
Something touches your tengu reaver. Something drains your tengu reaver.
The storm dragon breathes lightning at you.
The bolt of lightning hits your deep troll!! x2
The bolt of lightning hits you!!
* * * LOW HITPOINT WARNING * * *
Your deep troll bites the storm dragon!!
Your deep troll claws the storm dragon!
Your deep troll claws the storm dragon but does no damage.
The ironbound convoker hits your lich with a +0 great mace.
Your deep troll bites the fire giant!!
Your deep troll completely misses the fire giant.
Your deep troll claws the fire giant but does no damage.
Your tengu reaver closely misses something.
Your tengu reaver hits the ironbound preserver with a +2 vorpal battleaxe.
Your tengu reaver hits the storm dragon with a +2 vorpal battleaxe!
Your tengu reaver completely misses something.
Your tengu reaver closely misses something.
The vault guard hits your lich with a +2 war axe of distortion!!
Space warps around your lich.
Your lich touches the storm dragon.
The titan hits your deep troll!!
Your ironbound preserver dies!
Your ironbound preserver's corpse dissolves into shadows!
A bolt appears from out of your range of vision.
The bolt hits your lich!!!
The vault warden hits you with a +4 battleaxe of freezing!!
* * * LOW HITPOINT WARNING * * *
The vault warden freezes you.
You die...

(.........#....
..............
##.........)#####
.......C[........
....pppQ<.[......
.....LD{[<.......
......)TT[......
####.[CT)[..####
.......Cp@.....#
.....#....#......
##...#....# .....
#.. #....# †...
#. #....# ... #.
#....# .. #....#
. #....#


You could see an ironbound preserver, a titan (ally target), a storm dragon
(catching breath, ally target), a fire giant, a vault warden (extremely
poisoned), a vault guard, an ettin, an ironbound convoker, a friendly tengu
reaver (summoned, sheltered, petrifying, drained), a friendly lich (summoned,
sheltered) and 3 friendly deep trolls.

Vanquished Creatures
  2 ancient liches
  Boris (Vaults:2)
  Saint Roka (Crypt:1)
  2 bone dragons
  2 deep elf blademasters
  2 liches (Crypt:3)
  2 deep elf master archers (Elf:3)
  2 titans
  An ancient champion (Crypt:2)
  The ghost of freelancePsychic the Alchemist, an adept MfTm of Okawaru (Snake:4)
  2 sphinxes (Vaults:4)
  3 tentacled starspawn (Abyss:3)
  Agnes (Elf:2)
  A revenant (Crypt:2)
  Roxanne (Swamp:4)
  7 nagarajas (Snake:4)
  An azure jelly (Swamp:4)
  A fenstrider witch (Swamp:4)
  2 fire giants (Vaults:4)
  12 deep elf sorcerers
  A frost giant (IceCv)
  The ghost of Okuid the Fencer, an adept DsGl of Okawaru (Elf:2)
  6 vault wardens
  A juggernaut zombie (Crypt:1)
  2 curse skulls
  A ghoul (Crypt:2)
  2 orc warlords
  6 deep elf elementalists
  8 ironbound thunderhulks
  A reaper (Crypt:2)
  2 angels (Elf:2)
  7 ironbound preservers
  3 very ugly things (Vaults:3)
  6 war gargoyles
  3 juggernaut skeletons
  8 vampire knights
  2 bunyips
  4 eleionomae
  Nessos (Lair:5)
  10 dire elephants
  An entropy weaver (Vaults:4)
  7 deep elf demonologists (Elf:3)
  5 deep elf annihilators (Elf:3)
  An ettin (Vaults:5)
  4 crystal guardians
  4 eidola
  3 deep elf death magi
  4 deep elf high priests
  8 yaktaur captains
  3 great orbs of eyes
  A spriggan zombie (Crypt:2)
  24 vault guards
  A quicksilver dragon skeleton (Crypt:3)
  3 ice dragons (Swamp:4)
  5 boulder beetles
  15 naga warriors
  2 salamander tyrants
  2 peacekeepers (Vaults:2)
  8 hydras
  3 spriggan skeletons
  6 anacondas
  14 centaur warriors
  5 ironbound frosthearts
  34 dancing weapons
  4 two-headed ogres
  2 death knights
  The ghost of Umoon2 the Fighter, a novice DsGl of Makhleb (D:9)
  13 naga sharpshooters
  2 tengu warriors (D:14)
  13 alligators
  6 orc high priests
  2 vampire magi
  11 death yaks
  A titan zombie (Crypt:3)
  6 shock serpents
  2 thrashing horrors (Abyss:3)
  6 hell knights (Crypt:3)
  A titan skeleton (Crypt:2)
  21 deep elf knights
  A shadow wraith (D:14)
  4 salamander mystics (Snake:4)
  A spatial maelstrom (Abyss:3)
  A golden dragon zombie (Crypt:3)
  5 goliath frogs (Swamp:1)
  A death drake (Swamp:3)
  25 deep trolls
  23 skeletal warriors
  2 bog bodies
  An entropy weaver zombie (Crypt:2)
  A flayed ghost (Crypt:2)
  5 spriggan druids
  An orange crystal statue (D:9)
  4 swamp dragons
  A tengu zombie (Vaults:4)
  4 naga ritualists
  17 deep elf archers
  A glowing orange brain (Vaults:3)
  12 ironbound convokers
  A harpy (shapeshifter) (Elf:1)
  A lindwurm (Vaults:2)
  35 deep elf zephyrmancers
  10 necromancers
  2 phantasmal warriors
  30 deep elf pyromancers
  10 wizards
  15 orc knights
  5 orc sorcerers
  An orb spider (shapeshifter) (Elf:3)
  33 ugly things
  11 mana vipers
  4 cyclopes
  18 slime creatures
  6 will-o-the-wisps
  A tengu skeleton (Vaults:1)
  10 salamanders
  A moth of wrath (D:9)
  A wolf spider (Vaults:5)
  2 stone giant zombies
  A naga zombie (Crypt:3)
  18 elephants
  A moth of wrath (shapeshifter) (D:14)
  8 vault sentinels
  An ice statue (IceCv)
  29 black mambas
  3 gargoyles
  An elf zombie (Vaults:4)
  25 cane toads
  2 emperor scorpion zombies (Crypt:2)
  23 naga magi
  A torpor snail (Lair:4)
  2 yaktaur zombies
  4 unseen horrors
  11 rime drakes
  3 kobold demonologists
  An elf skeleton (Vaults:4)
  9 freezing wraiths
  13 komodo dragons
  A yaktaur skeleton (Vaults:4)
  16 yaktaurs
  A tengu conjurer (D:14)
  An ancient zyme (Abyss:3)
  A redback zombie (Crypt:1)
  3 harpy zombies
  A meliai (D:11)
  2 purple draconian skeletons (Crypt:1)
  A red draconian skeleton (Crypt:2)
  3 trolls
  5 hornets
  A hydra zombie (Abyss:3)
  6 polar bears
  6 raiju (Abyss:3)
  11 tyrant leeches
  7 dream sheep
  Prince Ribbit (D:5)
  41 blink frogs
  A hydra skeleton (Crypt:3)
  An ettin zombie (Crypt:3)
  5 air elementals
  2 sphinx simulacra
  2 redbacks (Vaults:4)
  33 flying skulls
  A fire dragon zombie (Crypt:3)
  7 spriggans
  8 vampires
  2 large abominations (Abyss:3)
  A wind drake zombie (Crypt:1)
  8 wraiths
  A shadow (D:9)
  2 wyverns
  2 basilisks
  51 yaks
  3 fire elementals
  A neqoxec (Abyss:3)
  2 water elementals
  A steam dragon (D:9)
  9 vampire mosquitoes
  3 swamp worm simulacra (Swamp:4)
  6 wargs
  A human simulacrum (Vaults:2)
  An acid dragon (D:9)
  35 nagas
  11 water moccasins
  12 hydra simulacra (Swamp:4)
  13 swamp worms
  2 swamp drakes
  60 orc warriors
  2 black bears
  An orc zombie (Vaults:1)
  17 ogres
  19 wolves
  6 centaurs
  9 necrophages
  An elephant skeleton (Crypt:2)
  20 kobold brigands
  Blork the orc (D:5)
  2 human zombies (Vaults:4)
  22 bullfrogs
  A gnoll sergeant (D:11)
  A scorpion (D:6)
  2 human skeletons (Vaults:1)
  5 small abominations (Abyss:3)
  4 earth elementals
  2 water moccasin zombies (D:5)
  46 killer bees
  8 wights
  3 electric eels
  4 howler monkeys
  A bullfrog zombie (D:5)
  7 centaur zombies
  4 centaur skeletons
  2 hounds
  9 jellies
  Crazy Yiuf (D:2)
  37 orc priests
  A bullfrog skeleton (D:5)
  3 iguanas
  22 orc wizards
  A demigod skeleton (Crypt:2)
  A hound zombie (Crypt:1)
  A howler monkey zombie (D:7)
  4 adders
  2 howler monkey skeletons
  A white imp (D:8)
  An ufetubus (D:4)
  5 swamp drake simulacra (Swamp:4)
  An iguana skeleton (Crypt:2)
  An adder skeleton (D:4)
  2 worms
  2 dart slugs
  116 orcs
  15 endoplasms
  5 giant cockroaches
  6 goblins
  7 hobgoblins
  4 jackals (D:1)
  5 quokkas
  6 ball pythons (D:1)
  5 bats
  2 frilled lizards (D:3)
  A jackal skeleton (Crypt:2)
  35 kobolds
  5 rats
1731 creatures vanquished.

Vanquished Creatures (collateral kills)
  A skeletal warrior (Crypt:3)
  A spriggan druid (Swamp:1)
  An orc knight (Vaults:4)
3 creatures vanquished.

Vanquished Creatures (others)
  A deep elf death mage (Elf:3)
  2 vault guards (Vaults:5)
  A hydra (Swamp:3)
  A two-headed ogre (Orc:2)
  A centaur warrior (Vaults:4)
  2 alligators (Swamp:4)
  A naga sharpshooter (Snake:4)
  A thrashing horror (Abyss:3)
  A spriggan (Swamp:2)
  A swamp dragon (Swamp:3)
  A wizard (Vaults:3)
  An ironbound convoker (Vaults:2)
  A necromancer (Crypt:3)
  2 deep elf pyromancers (Elf:2)
  A deep elf zephyrmancer (Elf:3)
  A centaur zombie (D:11)
  A cane toad (Lair:6)
  A yaktaur zombie (Vaults:2)
  A yaktaur (Vaults:1)
  3 bloated husks
  A troll (Orc:2)
  A tyrant leech (Swamp:1)
  A blink frog (Lair:2)
  A hornet (Swamp:2)
  A slime creature (D:14)
  2 water elementals (Elf:2)
  A wraith (D:11)
  A yak (IceCv)
  An air elemental (Elf:2)
  A golden eye (shapeshifter) (D:15)
  A swamp worm (Swamp:2)
  A small abomination (Abyss:3)
  A hydra simulacrum (Swamp:4)
  2 orc warriors
  A centaur (D:13)
  A kobold brigand (D:10)
  A human skeleton (Vaults:2)
  A bullfrog (Lair:6)
  2 killer bees
  A bush (Lair:4)
  10 foxfires
  44 fungi
  110 plants
  13 starspawn tentacles (Abyss:3)
225 creatures vanquished.

Grand Total: 1959 creatures vanquished

Notes
Turn   | Place    | Note
-------+----------+-------------------------------------------
     0 | D:5      | bearlyready the Minotaur Delver began the quest for the
                  | Orb.
     0 | D:5      | Reached XP level 1. HP: 19/19 MP: 0/0
   147 | D:5      | Noticed an orc wizard
   305 | D:4      | Noticed an ogre
   439 | D:2      | Reached XP level 2. HP: 27/27 MP: 1/1
   710 | D:1      | Found a faded altar of an unknown god.
   761 | D:1      | Reached XP level 3. HP: 33/33 MP: 2/2
   888 | D:1      | Found Xaddiuk's Distillery.
   897 | D:1      | Bought a potion of curing for 39 gold pieces
  1274 | D:2      | Found a runed translucent door.
  1275 | D:2      | Noticed Crazy Yiuf
  1283 | D:2      | Killed Crazy Yiuf
  1284 | D:2      | Reached skill level 1 in Throwing
  1284 | D:2      | Reached XP level 4. HP: 40/40 MP: 3/3
  1994 | D:3      | Reached skill level 5 in Long Blades
  2649 | D:4      | Reached XP level 5. HP: 46/46 MP: 4/4
  2723 | D:4      | Killed an ogre
  2737 | D:4      | Noticed an ogre
  2808 | D:4      | Noticed an ogre
  2816 | D:4      | Killed an ogre
  2817 | D:4      | Reached XP level 6. HP: 32/52 MP: 5/5
  3208 | D:5      | Noticed Prince Ribbit
  3227 | D:5      | Killed Prince Ribbit
  3228 | D:5      | Reached XP level 7. HP: 38/58 MP: 6/6
  3471 | D:5      | Reached skill level 10 in Long Blades
  3634 | D:5      | Found an ancient bone altar of Kikubaaqudgha.
  3646 | D:5      | Noticed Blork the orc
  3653 | D:5      | Killed Blork the orc
  3660 | D:5      | Reached XP level 8. HP: 46/66 MP: 7/7
  4110 | D:6      | Reached skill level 4 in Fighting
  4272 | D:6      | Reached skill level 5 in Fighting
  4577 | D:6      | Reached skill level 6 in Fighting
  4690 | D:6      | Found Caseoxt's General Store.
  4699 | D:6      | Bought a scroll of identify for 22 gold pieces
  4704 | D:6      | Identified 2 scrolls of acquirement
  4915 | D:6      | Found a sacrificial altar of Ru.
  4927 | D:6      | Became a worshipper of Ru the Awakened
  5044 | D:7      | Reached XP level 9. HP: 69/78 MP: 8/8
  5164 | D:7      | Reached skill level 7 in Fighting
  5382 | D:7      | Found a staircase to the Ecumenical Temple.
  5501 | D:7      | Reached skill level 8 in Fighting
  5850 | D:8      | Reached skill level 1 in Evocations
  5866 | D:8      | Reached skill level 9 in Fighting
  6574 | D:8      | Reached XP level 10. HP: 82/91 MP: 9/9
  6838 | D:8      | Gained mutation: You cannot study or cast Poison magic. [Ru
                  | sacrifice]
  6838 | D:8      | Gained mutation: You cannot study or cast Transmutations
                  | magic. [Ru sacrifice]
  6838 | D:8      | Gained mutation: You cannot study or cast Summoning magic.
                  | [Ru sacrifice]
  6838 | D:8      | Reached * piety under Ru
  7206 | D:8      | Found a staircase to the Lair.
  7276 | D:8      | Reached skill level 1 in Armour
  7276 | D:8      | Reached skill level 1 in Shields
  7683 | D:9      | Noticed a gargoyle
  7802 | D:8      | Killed a gargoyle
  7883 | D:9      | Reached skill level 10 in Fighting
  8309 | D:9      | Found a transporter.
  8312 | D:9      | Noticed Umoon2's ghost (novice DsGl)
  8326 | D:9      | Found a transporter.
  8330 | D:9      | Noticed a moth of wrath
  8379 | D:9      | Noticed an orange crystal statue
  8611 | D:10     | Entered Level 10 of the Dungeon
  9105 | D:10     | Reached XP level 11. HP: 77/101 MP: 10/10
  9118 | D:10     | Reached skill level 5 in Dodging
  9653 | D:10     | Gained mutation: You are somewhat unskilled. (-1 Apt) [Ru
                  | sacrifice]
  9653 | D:10     | Reduced skill Fighting to level 9
  9653 | D:10     | Reached ** piety under Ru
 10468 | D:11     | Reached skill level 10 in Fighting
 10777 | D:11     | Reached skill level 5 in Dodging
 10853 | D:11     | Reached skill level 5 in Armour
 10859 | D:11     | Reached skill level 5 in Shields
 11155 | D:11     | Noticed a white ugly thing
 11156 | D:11     | Noticed a skeletal warrior
 11171 | D:11     | Killed a white ugly thing
 11487 | D:11     | Noticed a deep elf pyromancer
 11494 | D:11     | Killed a deep elf pyromancer
 11562 | D:11     | Noticed a four-headed hydra
 11586 | D:12     | Noticed a sun demon
 11614 | D:12     | Noticed a boulder beetle
 11633 | D:12     | Killed a boulder beetle
 12089 | D:12     | Reached XP level 12. HP: 105/108 MP: 11/11
 12108 | D:12     | Acquired a +5 demon blade of venom
 12111 | D:12     | Acquired a manual of Armour
 12487 | D:12     | Reached skill level 11 in Fighting
 13049 | D:13     | Noticed a centaur warrior
 13075 | D:14     | Found Kosagil's Assorted Antiques.
 13170 | D:14     | Noticed a boulder beetle
 13182 | D:14     | Killed a boulder beetle
 13259 | D:14     | Noticed a tengu warrior
 13295 | D:13     | Killed a centaur warrior
 13432 | D:13     | Found a radiant altar of Vehumet.
 13556 | D:13     | Gained mutation: You sometimes lose the ability to read
                  | scrolls when taking damage. [Ru sacrifice]
 13556 | D:13     | Reached *** piety under Ru
 13749 | D:14     | Killed a tengu warrior
 13754 | D:14     | Reached skill level 15 in Long Blades
 13919 | D:14     | Noticed a centaur warrior
 13923 | D:14     | Noticed a centaur warrior
 13933 | D:14     | Killed a centaur warrior
 13938 | D:14     | Killed a centaur warrior
 14212 | D:14     | Found Qeruv's Assorted Antiques.
 14220 | D:14     | Bought a scroll of fear for 84 gold pieces
 14220 | D:14     | Bought a scroll of teleportation for 72 gold pieces
 14220 | D:14     | Bought a potion of curing for 72 gold pieces
 14239 | D:14     | Found Sucionay's General Store.
 14244 | D:14     | Bought a scroll of enchant weapon for 127 gold pieces
 14274 | D:14     | Noticed a tengu warrior
 14285 | D:14     | Killed a tengu warrior
 14291 | D:14     | Reached XP level 13. HP: 70/117 MP: 12/12
 14454 | D:14     | Found a gate to the Vaults.
 14640 | D:14     | Found Affiepra's Weapon Boutique.
 14985 | Lair:1   | Entered Level 1 of the Lair of Beasts
 15024 | Lair:1   | Reached skill level 10 in Armour
 15029 | Lair:1   | Reached skill level 12 in Fighting
 15549 | Lair:1   | Found a shimmering altar of Xom.
 15931 | Lair:2   | Found a staircase to the Snake Pit.
 15938 | Lair:2   | Gained mutation: You are unskilled. (-2 Apt) [Ru sacrifice]
 15938 | Lair:2   | Reduced skill Fighting to level 11
 15938 | Lair:2   | Reached **** piety under Ru
 15938 | Lair:2   | Reached ***** piety under Ru
 16716 | Lair:3   | You fall into a shaft and drop 2 floors!
 16828 | Lair:5   | Noticed Nessos
 16830 | Lair:5   | Killed Nessos
 16918 | Lair:3   | Reached skill level 10 in Armour
 17028 | Lair:3   | Found a frozen archway.
 17039 | IceCv    | Entered an ice cave
 17268 | IceCv    | Gained mutation: You are extremely unskilled. (-3 Apt) [Ru
                  | sacrifice]
 17268 | IceCv    | Reduced skill Fighting to level 10
 17268 | IceCv    | Reached ****** piety under Ru
 17678 | IceCv    | Reached skill level 10 in Armour
 17887 | IceCv    | Noticed a frost giant
 17905 | IceCv    | Killed a frost giant
 17906 | IceCv    | Reached skill level 11 in Fighting
 17924 | IceCv    | Reached XP level 14. HP: 108/124 MP: 13/13
 19708 | Lair:4   | Found a staircase to the Swamp.
 21461 | Lair:6   | Entered Level 6 of the Lair of Beasts
 21503 | Lair:6   | Reached skill level 12 in Fighting
 21945 | Lair:6   | Found a staircase to the Slime Pits.
 22119 | Lair:6   | Reached XP level 15. HP: 86/132 MP: 14/14
 23027 | Lair:6   | Identified the amulet of Jos Beusa {Faith rPois Str+2 Dex+2
                  | Slay-2}
 23030 | Lair:6   | Identified the +2 pair of gloves "Zotit" {rCorr}
 23558 | D:15     | Entered Level 15 of the Dungeon
 24028 | D:11     | Identified the +5 flail of Tortfeasance {freeze, *Rage
                  | +Blink Int+3 Dex+2}
 24552 | D:11     | Found a staircase to the Orcish Mines.
 25093 | Orc:1    | Entered Level 1 of the Orcish Mines
 25098 | Orc:1    | Found Daoqurphe's Self-Improvement Boutique.
 25188 | Orc:1    | Found Denn's Distillery.
 25210 | Orc:1    | Bought a potion of haste for 110 gold pieces
 25210 | Orc:1    | Bought a potion of curing for 33 gold pieces
 25433 | Orc:2    | Entered Level 2 of the Orcish Mines
 26045 | Orc:2    | Found Ifiz's General Store.
 26096 | Orc:2    | Bought a scroll of enchant armour for 97 gold pieces
 26096 | Orc:2    | Bought 3 scrolls of summoning for 370 gold pieces
 26103 | Orc:2    | Found Wack's General Store.
 26134 | Orc:2    | Bought a scroll of fear for 52 gold pieces
 26134 | Orc:2    | Bought a scroll of teleportation for 45 gold pieces
 26844 | Orc:2    | Found a staircase to the Elven Halls.
 26984 | Orc:2    | Noticed an orc warlord
 27019 | Orc:2    | Killed an orc warlord
 27231 | Orc:2    | Found Iphichub's Antique Armour Shoppe.
 27316 | Orc:2    | Found Zebuat's Antique Weapon Boutique.
 28013 | Elf:1    | Entered Level 1 of the Elven Halls
 28368 | Elf:1    | Reached skill level 13 in Fighting
 28420 | Elf:1    | Paralysed by an air elemental for 1 turns
 28434 | Elf:1    | Reached skill level 15 in Long Blades
 28503 | Elf:1    | Reached XP level 16. HP: 101/143 MP: 15/15
 28647 | Elf:1    | Reached skill level 10 in Shields
 29383 | Elf:1    | Found Egrotsoss's Assorted Antiques.
 29547 | Elf:1    | Paralysed by an air elemental for 1 turns
 29552 | Elf:1    | Paralysed by an air elemental for 1 turns
 30220 | Elf:2    | Identified the +9 hand crossbow of Mastery {vorpal, rF+
                  | Dex+2}
 30298 | Elf:2    | Found a crumbling gateway.
 30300 | Elf:2    | Found a white marble altar of Elyvilon.
 30300 | Elf:2    | Found a glowing golden altar of the Shining One.
 30546 | Elf:2    | Found a glowing silver altar of Zin.
 30568 | Elf:2    | Reached skill level 10 in Dodging
 30576 | Elf:2    | Reached skill level 1 in Crossbows
 30579 | Elf:2    | Reached skill level 14 in Fighting
 30928 | Elf:2    | Found a runed translucent gate.
 30929 | Elf:2    | Found a runed translucent gate.
 30929 | Elf:2    | Found a runed translucent gate.
 30961 | Elf:2    | Found a runed translucent door.
 30985 | Elf:2    | Found a stormy altar of Qazlal.
 30985 | Elf:2    | Paralysed by an air elemental for 1 turns
 30991 | Elf:2    | Paralysed by an air elemental for 1 turns
 31107 | Elf:2    | Noticed Okuid's ghost (adept DsGl)
 31228 | Elf:2    | Noticed Agnes
 31357 | Elf:2    | Killed Okuid's ghost
 31363 | Elf:2    | Identified the +1 robe of the Harvest Moon {Harm rN++}
 31763 | Swamp:1  | Entered Level 1 of the Swamp
 32165 | Snake:1  | Entered Level 1 of the Snake Pit
 33453 | Swamp:1  | Found a transporter.
 33455 | Swamp:1  | Noticed Qunad's ghost (adept SpEn)
 33727 | Swamp:1  | Found a transporter.
 34227 | Swamp:2  | Reached XP level 17. HP: 145/154 MP: 16/16
 34506 | Swamp:3  | Reached skill level 15 in Fighting
 35454 | Swamp:4  | Entered Level 4 of the Swamp
 35726 | Swamp:4  | Noticed Roxanne
 35820 | Swamp:4  | Killed Roxanne
 36521 | Swamp:4  | Reached skill level 5 in Crossbows
 36945 | Swamp:4  | Reached skill level 16 in Fighting
 36948 | Swamp:4  | Paralysed by a fenstrider witch for 3 turns
 37786 | Swamp:4  | Got a decaying rune of Zot
 39169 | Snake:1  | Identified the +5 hand crossbow of Pinos {speed, Str+2}
 39243 | Snake:1  | Identified the +1 chain mail "Avazezup" {rCorr}
 41329 | Snake:4  | Entered Level 4 of the Snake Pit
 41856 | Snake:4  | Reached XP level 18. HP: 123/167 MP: 17/17
 42089 | Snake:4  | Reached skill level 10 in Crossbows
 42532 | Snake:4  | Found a large runed translucent door.
 42532 | Snake:4  | Found a large runed translucent door.
 44919 | Snake:4  | Got a serpentine rune of Zot
 45263 | Snake:4  | Noticed freelancePsychic's ghost (adept MfTm)
 45300 | Snake:4  | Killed freelancePsychic's ghost
 45706 | Vaults:1 | Entered Level 1 of the Vaults
 45884 | Vaults:1 | Reached skill level 17 in Fighting
 46050 | Vaults:1 | Cast into level 3 of the Abyss (a wizard)
 46221 | Abyss:3  | Gained mutation: You are weak. (Str -2) [a neqoxec]
 46669 | Abyss:3  | Noticed a bone dragon
 46707 | Abyss:3  | Killed a bone dragon
 46710 | Vaults:1 | Escaped the Abyss
 47195 | Vaults:1 | Found Xikuuhut's Magic Scroll Shoppe.
 47389 | Vaults:1 | Bought a scroll of fear for 35 gold pieces
 47389 | Vaults:1 | Bought a scroll of enchant weapon for 75 gold pieces
 47389 | Vaults:1 | Bought a scroll of fear for 35 gold pieces
 47417 | Vaults:1 | Found Larocac's Jewellery Boutique.
 47891 | Vaults:1 | Reached XP level 19. HP: 156/177 MP: 18/18
 48667 | Vaults:2 | Found Emeduytt's Distillery.
 48678 | Vaults:2 | Bought a potion of curing for 39 gold pieces
 48678 | Vaults:2 | Bought a potion of might for 52 gold pieces
 48678 | Vaults:2 | Bought a potion of might for 52 gold pieces
 50154 | Vaults:2 | Noticed Boris
 50175 | Vaults:2 | Killed Boris
 50990 | Vaults:3 | Reached skill level 15 in Armour
 52021 | Vaults:3 | You fall into a shaft and drop 1 floor!
 54029 | Vaults:4 | Reached XP level 20. HP: 165/187 MP: 19/19
 54150 | Vaults:4 | Reached skill level 18 in Fighting
 55095 | Vaults:3 | Identified the +1 cloak of Boinoeg {rF+ Will+}
 55283 | Vaults:3 | Found a portal to a secret trove of treasure.
 55755 | Vaults:3 | Found a staircase to the Crypt.
 57128 | D:9      | Killed Umoon2's ghost
 57142 | D:9      | Identified the +0 cloak of Peek-a-Boo {rN+ Regen+ Slay-2}
 57398 | Elf:3    | Entered Level 3 of the Elven Halls
 57643 | Elf:2    | Killed Agnes
 58988 | Elf:3    | Found Watara's General Store.
 58997 | Elf:3    | Bought a scroll of blinking for 82 gold pieces
 60161 | Elf:3    | Identified the ring "Ymid" {Will+ Str+6 Int+4}
 60518 | Elf:3    | Identified the +8 great mace of Defilement {freeze, Fragile
                  | +Blink rPois rF+}
 60838 | Elf:3    | Reached XP level 21. HP: 188/189 MP: 20/20
 61278 | Elf:3    | Got the Tome of Dusty Translocation
 61335 | Elf:3    | Identified the +4 dagger "Nudway" {spect, Fly rElec rC+
                  | Dex+4}
 61335 | Elf:3    | Identified the ring of Wuxis {Will+ SInv}
 61362 | Elf:3    | Got Sif Muna's Guide on Transmutation and Beguiling
 61740 | Elf:3    | Acquired a manual of Dodging
 61786 | Elf:3    | Identified the +1 shadow dragon scales of the Monkey {Int+4
                  | Stlth++++}
 62249 | Crypt:1  | Entered Level 1 of the Crypt
 62856 | Crypt:1  | Noticed Saint Roka
 62876 | Crypt:1  | Killed Saint Roka
 63257 | Elf:1    | Bought a hat for 124 gold pieces
 66237 | Crypt:2  | Reached skill level 19 in Fighting
 67009 | Crypt:3  | Entered Level 3 of the Crypt
 67758 | Crypt:3  | Reached skill level 15 in Shields
 67984 | Crypt:3  | Found a basalt altar of Yredelemnul.
 67984 | Crypt:3  | Noticed an ancient lich
 68000 | Crypt:3  | Killed an ancient lich
 68028 | Crypt:3  | Got the Guide on Darkness
 69074 | Crypt:3  | Found a staircase to the Tomb.
 69893 | Vaults:5 | Entered Level 5 of the Vaults
 69906 | Vaults:5 | Reached XP level 22. HP: 146/202 MP: 12/21
 69912 | Vaults:5 | Noticed an ancient lich
 70152 | Vaults:5 | Noticed an ancient lich
 70176 | Vaults:5 | Killed an ancient lich
 70177 | Vaults:5 | HP: 6/193 [vault warden (26)]
 70177 | Vaults:5 | Slain by a vault warden

Illustrated notes

Levels and vault maps discovered:
D:1:      dpeg_arrival_rooms_b, layout_basic, nicolae_ecumenical_snake_handling,
          serial_shops, nicolae_lakefront_shop
D:2:      layout_basic, uniq_crazy_yiuf_cottage
D:3:      layout_basic
D:4:      layout_rooms
D:5:      layout_basic, kennysheep_little_box, uniq_eustachio,
          uniq_prince_ribbit1, uniq_blork_the_orc
D:6:      layout_loops_ring, nicolae_ru_the_path_less_chosen, serial_shops,
          shop, nicolae_fountain_basement
D:7:      layout_rooms, minmay_temple_entry_hall, st_stairs_5
D:8:      layout_basic, lair_entry_dummy
D:9:      layout_cave_pools, serial_rivers, chequers_serial_rivers_small_3,
          chequers_serial_rivers_micro_d, chequers_serial_rivers_micro_a,
          chequers_serial_rivers_micro_e, chequers_serial_rivers_small_b,
          chequers_serial_rivers_small_b, gammafunk_ghost_berserking_beasts,
          minivault_16
D:10:     layout_basic, special_room [special_room_kobold]
D:11:     nzn_winding_woodlands_small [nzn_winding_woodlands_5x15_longhouse,
          nzn_winding_woodlands_center_garden,
          nzn_winding_woodlands_5x15_concentric], layout_cave_pools,
          hiddenorc2_lemuel, serial_bayou_pond_a
D:12:     layout_cave_pools
D:13:     layout_cave_pools, chequers_serial_rivers_small_a,
          serial_bayou_pond_a, nicolae_vehumet_altar_sigil
D:14:     layout_irregular_city, david_vaults_4, chequers_serial_rivers_small_a,
          serial_shops, shop_fountains, shop, nicolae_shop_bloodbath_and_beyond,
          nicolae_shop_stone, serial_column_ruins, column_ruins_square_medium,
          column_ruins_hut_pillars, column_ruins_open_medium,
          column_ruins_columns_straight, column_ruins_columns_T
D:15:     grunt_enter_depths_hoard, layout_rooms, grunt_decor_junction,
          minmay_misc_feat_pillars, door_vault
Lair:1:   layout_hall_layers, basic_altar
Lair:2:   layout_chaotic_city, guppyfry_snake_entry_island, wad_woods_03,
          lemuel_fruit_fields
Lair:3:   wad_woods_minihive, layout_long_grid, portal_ice_cave_entry_pillars_1
Lair:4:   lemuel_slime, layout_gridlike, nicolae_swamp_entry_splash_gauntlet,
          beast_lair_carwin_8
Lair:5:   layout_hall_layers, uniq_nessos
Lair:6:   minmay_lair_end_frog_pond, layout_regular_city,
          nicolae_slime_entry_slimehenge, serial_bayou_shore_a,
          serial_bayou_shore_b
Swamp:1:  layout_basic_swamp, gammafunk_ghost_mausoleum,
          evilmike_swamp_ruin_house_1, swamp_pool2
Swamp:2:  layout_basic_swamp, evilmike_swamp_ruin_house_3,
          infiniplex_staircase_pool_2
Swamp:3:  layout_basic_swamp, serial_swamp_ruin, evilmike_swamp_ruin_house_5,
          evilmike_swamp_ruin_rubble_2, evilmike_swamp_ruin_house_4,
          nicolae_swamp_round_clearing, swamp_pool1
Swamp:4:  swamp_icy, layout_basic_swamp, nicolae_swamp_alligator_family,
          uniq_roxanne
Snake:1:  nicolae_snake_hallway, layout_onion
Snake:2:  layout_layer_cave, special_room
Snake:3:  layout_onion_interference, grunt_megastairs_2
Snake:4:  snake_pit, layout_basic, ebering_ghost_disaster_area
Orc:1:    layout_diamond_mine, serial_shops, shop, nicolae_shop_self_help
Orc:2:    pubby_orc_utopia
Elf:1:    elf_arrival_001, layout_gridlike, serial_shops,
          nicolae_shop_behind_doors, hangedman_elven_crosses_minicolossus
Elf:2:    nicolae_elf_blades_crystal_corner, layout_rooms,
          ebering_ghost_reflecting_pool, portal_desolation_entry_holy_temple,
          nicolae_elf_altarnating, uniq_agnes
Elf:3:    minmay_elf_hall_spiked, layout_geoelf_octagon, serial_shops, shop
Vaults:1: ontoclasm_vaults_tryst, nicolae_vaults_network_square,
          ontoclasm_vaults_chip, ontoclasm_vaults_misaligned,
          vaults_room_mumra_shop_pool, ontoclasm_vaults_ring_large,
          ontoclasm_vaults_hangar, vaults_room_hallway, layout_vaults_quadrants,
          serial_shops, nicolae_shop_trees
Vaults:2: nicolae_vaults_network_quinsquares
          [nicolae_vaults_network_quincunx_subvault,
          nicolae_vaults_network_quincunx_subvault,
          nicolae_vaults_network_quincunx_subvault,
          nicolae_vaults_network_quincunx_subvault], v_misc_33,
          special_room_vaults [special_room_orc], ontoclasm_vaults_shuriken,
          nicolae_vaults_little_squares_6, vaults_room_fours,
          hangedman_vaults_nails, nicolae_vaults_little_squares_2,
          vaults_room_door_hall, v_misc_17, vaults_dpeg_spiral, v_misc_2,
          vaults_room_grid, nicolae_vaults_big_angled_halls,
          layout_vaults_maze_bifur, serial_shops, shop, uniq_boris
Vaults:3: hangedman_vaults_capsules, grunt_vaults_funnel,
          nicolae_vaults_network_barrier, minmay_crypt_entry_vampire_xt,
          nicolae_vaults_border_crossing, vaults_room_semicircle,
          grunt_vaults_diagonal, ontoclasm_vaults_twist, v_alt_pattern_4,
          vaults_room_semicircle, layout_vaults_chaotic_city,
          trove_entry_hex_spiral
Vaults:4: v_pattern_5, vaults_room_ringed_pool, v_alt_pattern_6,
          hangedman_vaults_hat, nicolae_vaults_angled_halls,
          ontoclasm_vaults_eye, v_misc_29, nicolae_vaults_murderbox,
          nicolae_vaults_stairing_the_circle, vaults_room_pools,
          nicolae_vaults_shelves_hall, vaults_dpeg_ring, layout_vaults_omnibox
Vaults:5
Crypt:1:  layout_rooms, grunt_ministairs_5, corexii_hall_statues_t, st_stairs_8,
          uniq_saint_roka
Crypt:2:  layout_gridlike, st_stairs_13, grunt_megastairs_1
Crypt:3:  cryptofortress_bobbens

Skill      XL: |  1  2  3  4  5  6  7  8  9 10 11 12 13 14 15 16 17 18 19 20 21 |
---------------+----------------------------------------------------------------+-----
Long Blades    | 3 4 5 7 9 10 12 14 14 15 13 14 15 16 17 18 | 18.0
Throwing       | 1 2 3 |  3.2
Fighting       | 6 9 10 10 11 11 12 13 14 16 17 18 19 | 19.0
Evocations     | 2 3 3 4 |  4.0
Armour         | 4 6 9 10 12 14 15 16 | 16.1
Shields        | 4 6 8 7 8 9 11 12 13 16 | 16.4
Dodging        | 4 6 7 7 8 9 10 11 12 13 | 13.7
Stealth        | 3 |  3.1
Crossbows      | 3 9 10 11 12 | 12.9

Action                   |  1- 3 |  4- 6 |  7- 9 | 10-12 | 13-15 | 16-18 | 19-21 | 22-24 || total
-------------------------+-------+-------+-------+-------+-------+-------+-------+-------++-------
Melee: Falchion          |    57 |    62 |   214 |    16 |       |       |       |       ||   349
       Headbutt          |    10 |    12 |    67 |   131 |   344 |   402 |   577 |    10 ||  1553
       Scimitar          |       |       |       |   315 |       |       |       |       ||   315
       Demon blade       |       |       |       |   130 |  1208 |  1399 |  1894 |    30 ||  4661
 Fire: Hand crossbow     |       |       |       |       |       |   267 |   212 |     3 ||   482
Throw: Dart              |     2 |    24 |    11 |    35 |    38 |    22 |     7 |       ||   139
       Throwing net      |       |       |       |     3 |       |       |       |       ||     3
       Boomerang         |       |       |       |     5 |       |       |       |       ||     5
       Javelin           |       |       |       |     1 |     2 |       |       |       ||     3
Invok: Sacrifice Arcana  |       |       |       |     1 |       |       |       |       ||     1
       Sacrifice Skill   |       |       |       |     1 |     2 |       |       |       ||     3
       Sacrifice Words   |       |       |       |     1 |       |       |       |       ||     1
       Apocalypse        |       |       |       |       |       |     1 |     7 |     1 ||     9
       Draw Out Power    |       |       |       |       |       |       |     2 |       ||     2
Evoke: Wand              |       |       |       |     5 |    15 |    28 |     2 |       ||    50
       Condenser vane    |       |       |       |       |     5 |     4 |     6 |       ||    15
       Lightning rod     |       |       |       |       |       |    17 |    10 |       ||    27
       Box of beasts     |       |       |       |       |       |     2 |     3 |       ||     5
       Tin of tremorston |       |       |       |       |       |       |     4 |       ||     4
       Phantom mirror    |       |       |       |       |       |       |     1 |       ||     1
  Use: Scroll            |       |       |     9 |    12 |    10 |     3 |     4 |     1 ||    39
       Potion            |       |       |       |     4 |       |     4 |     6 |     1 ||    15
 Stab: Sleeping          |     9 |     3 |     2 |     1 |       |     2 |     2 |       ||    19
       Distracted        |       |       |     1 |     2 |    13 |     8 |    11 |     1 ||    36
       Held in net/web   |       |       |       |     1 |       |       |       |       ||     1
       Invisible         |       |       |       |     6 |     8 |    19 |    18 |       ||    51
       Confused          |       |       |       |       |     1 |       |       |       ||     1
       Paralysed         |       |       |       |       |     2 |     5 |    13 |     1 ||    21
Armor: Leather armour    |    13 |    10 |    34 |    18 |       |    46 |       |       ||   121
       Scale mail        |       |       |       |    53 |    28 |       |       |       ||    81
       Plate armour      |       |       |       |       |   210 |    51 |       |       ||   261
       Swamp dragon scal |       |       |       |       |       |   203 |   398 |     8 ||   609
Dodge: Dodged            |    18 |    23 |    88 |   133 |   246 |   413 |   550 |    14 ||  1485
Block: Buckler           |     9 |    18 |    76 |   178 |    39 |       |       |       ||   320
       Reflection        |       |       |     4 |    31 |    24 |    89 |    68 |     3 ||   219
       Kite shield       |       |       |       |       |   661 |   809 |   813 |    10 ||  2293
       Tower shield      |       |       |       |       |       |       |   389 |       ||   389

Table legend: (Time is in decaauts)
 A = Elapsed time spent in this place.
 B = Non-inter-level travel time spent in this place.
 C = Inter-level travel time spent in this place.
 D = Time resting spent in this place.
 E = Time spent auto-exploring this place.
 F = Levels seen in this place.
 G = Mean time per level.
                   A        B        C        D        E       F      G
               +--------+--------+--------+--------+--------+-----+--------+
         Total |  69208 |  63942 |   5266 |   8496 |  43603 |  44 | 1572.9 |
       Dungeon |  17518 |  15389 |   2129 |   1235 |  11301 |  15 | 1167.9 |
          Lair |   7751 |   6986 |    765 |    332 |   5389 |   6 | 1291.8 |
         Swamp |   6134 |   5819 |    315 |   1119 |   3585 |   4 | 1533.5 |
     Snake Pit |   7314 |   7179 |    135 |   1471 |   4268 |   4 | 1828.5 |
  Orcish Mines |   3161 |   2735 |    426 |     51 |   2111 |   2 | 1580.5 |
   Elven Halls |   8123 |   7661 |    462 |    958 |   5192 |   3 | 2707.7 |
        Vaults |  11453 |  10564 |    889 |   1923 |   7233 |   5 | 2290.6 |
         Crypt |   6054 |   5912 |    142 |   1190 |   3532 |   3 | 2018.0 |
         Abyss |    623 |    623 |      0 |    217 |    183 |   1 |  623.0 |
      Ice Cave |   1073 |   1073 |      0 |      0 |    808 |   1 | 1073.0 |
               +--------+--------+--------+--------+--------+-----+--------+

Top non-repeatable levels by time:
   Elf:3: 3337 daAuts
 Snake:4: 3281 daAuts
Vaults:4: 3221 daAuts
Vaults:3: 2940 daAuts
   Elf:2: 2796 daAuts
   Orc:2: 2783 daAuts
Vaults:2: 2696 daAuts
Vaults:1: 2561 daAuts
 Crypt:3: 2504 daAuts
    D:10: 2160 daAuts
     D:8: 2142 daAuts
  Lair:4: 2096 daAuts
    D:11: 2073 daAuts
 Swamp:4: 2018 daAuts
   Elf:1: 1989 daAuts
